AoeStats
← El Fantasma de Pancho Villa

Oasis

508365205Analyzed
4v4 RM · 10d ago on Sep 22, 2026· 50m 39s· 8 players
Game mode
Random Map
Map size
Large (8 player)
Population
200
Speed
Normal
Resources
Standard
Victory
Conquest
Starting age
Dark Age
Ending age
Imperial Age
RankedLock teamsTeams togetherTeam positionsShared explorationLock speedFull tech treeHidden civsTurbo modeCheats
Victory
Defeat
🇦🇷 Ethiopians · Argentina
1252
+13
🇦🇷 Magyars · Argentina
1190
+15
🇵🇪 Vietnamese · Peru
1078
+20
🇵🇪 Goths · Peru
1044
+21
🇺🇸 Cumans · United States
1210
-19
🇨🇳 Malay · China
1175
-18
🇺🇸 Bohemians · United States
1138
-16
🇨🇦 Maya · Canada
1137
-16
GR4Y_BE4RD
0:32 Loom
10:15 Feudal Age
10:59 Double-Bit Axe
18:20 Castle Age
20:13 Horse Collar
21:34 Town Watch
22:49 Bow Saw
JDTChief
9:36 Loom
11:22 Feudal Age
13:47 Horse Collar
14:05 Double-Bit Axe
16:38 Castle Age
18:00 Bow Saw
18:46 Wheelbarrow
20:46 Heavy Plow
22:46 Hand Cart
26:46 Chemistry
25:13 Pikeman
26:03 Scale Mail Armor
29:59 Chain Mail Armor
33:27 Ballistics
33:18 Forging
33:01 Fletching
37:56 Imperial Age
37:46 Bodkin Arrow
38:27 Iron Casting
38:16 Halberdier
39:30 Plate Mail Armor
39:03 Squires
41:11 Blast Furnace
40:36 Conscription
42:10 Siege Engineers
41:54 Houfnice
47:26 Wagenburg Tactics
El Fantasma de Pancho Villa
6:01 Loom
8:44 Feudal Age
17:01 Double-Bit Axe
19:17 Man-at-Arms
20:45 Scale Mail Armor
26:30 Wheelbarrow
28:34 Castle Age
28:54 Long Swordsman
30:56 Chain Mail Armor
32:08 Forging
32:24 Capped Ram
34:20 Hand Cart
34:16 Pikeman
暗恋安联的一切
9:30 Feudal Age
10:25 Double-Bit Axe
12:37 Horse Collar
12:50 Fletching
15:54 Gold Mining
17:36 Loom
26:26 Castle Age
25:44 Scale Barding Armor
26:11 Forging
26:52 Husbandry
29:16 Iron Casting
29:07 Crossbowman
31:25 Bodkin Arrow
36:15 Wheelbarrow
35:57 Bow Saw
41:15 Imperial Age
39:31 Hand Cart
Ipower
7:47 Loom
9:58 Feudal Age
11:56 Double-Bit Axe
14:12 Horse Collar
20:40 Castle Age
19:42 Fletching
20:43 Forging
20:55 Crossbowman
21:42 Thumb Ring
21:36 Bodkin Arrow
22:56 Padded Archer Armor
23:15 Bow Saw
27:20 Ballistics
33:30 Imperial Age
31:03 Heavy Plow
33:55 Arbalester
34:36 Bracer
36:33 Chemistry
39:12 Siege Engineers
40:08 Wheelbarrow
39:18 Town Watch
40:04 Halberdier
41:16 Scale Mail Armor
41:51 Iron Casting
42:01 Hand Cart
42:43 Squires
45:25 Chain Mail Armor
Pepe :)
7:25 Loom
10:13 Feudal Age
11:02 Double-Bit Axe
13:45 Horse Collar
20:19 Castle Age
20:00 Bloodlines
19:56 Scale Barding Armor
19:50 Gold Mining
27:45 Chain Barding Armor
34:09 Imperial Age
34:11 Cavalier
35:27 Plate Barding Armor
35:26 Husbandry
36:12 Wheelbarrow
35:38 Paladin
41:58 Bow Saw
41:50 Heavy Plow
43:41 Hand Cart
43:30 Stone Mining
44:17 Gold Shaft Mining
48:50 Conscription
Sumyil
10:21 Feudal Age
15:51 Castle Age
14:11 Double-Bit Axe
19:29 Loom
26:03 Scale Mail Armor
27:36 Pikeman
28:16 Squires
31:07 Forging
35:29 Imperial Age
33:38 Iron Casting
33:18 Chain Mail Armor
36:41 Halberdier
40:21 Blast Furnace
42:23 Wheelbarrow
44:07 Chain Mail Armor
46:15 Hand Cart
45:47 Town Watch
48:23 Bow Saw
48:22 Gold Mining
48:13 Elite Huskarl
49:15 Conscription
49:16 Perfusion
49:23 Anarchy
jochizan
8:11 Loom
10:30 Feudal Age
11:52 Double-Bit Axe
30:50 Castle Age
30:57 Wheelbarrow
32:25 Pikeman
46:16 Squires
46:34 Bloodlines
46:25 Husbandry
46:41 Man-at-Arms
47:28 Long Swordsman
49:48 Scale Mail Armor
Connection lost

Rejoining the realm…

Still unreachable

The connection could not be restored.

Session expired

The server has moved on; the page needs a fresh start.